 Dungeon Crawl Stone Soup version 0.30-a0-121-gb27577e5d9 (webtiles) character file.

Game seed: 2849554392643139559

877 KittyKat the Purveyor of Pain (level 7, 0/46 HPs)
             Began as a Demonspawn Necromancer on Sept 14, 2022.
             Was an Initiate of Kikubaaqudgha.
             Slain by a lemure (6 damage)
             ... led by Pikel
             ... on level 7 of the Dungeon on Sept 15, 2022.
             The game lasted 00:13:12 (5517 turns).

KittyKat the Purveyor of Pain (DsNe)                Turns: 5517, Time: 00:13:13

Health: 0/46       AC: 16    Str:  8    XL:     7   Next: 75%
Magic:  12/12      EV: 11    Int: 18    God:    Kikubaaqudgha [......]
Gold:   113        SH:  5    Dex: 14    Spells: 0/13 levels left

rFire   . . .      SeeInvis .    i - +2 dagger (speed)
rCold   + . .      Faith    .    (no shield)
rNeg    . . .      Spirit   .    b - +1 leather armour {rC+}
rPois   .          Reflect  +    (no helmet)
rElec   .          Harm     .    (no cloak)
rCorr   .          Rampage  .    (no gloves)
Will    .....                    (no boots)
Stlth   ++........               f - amulet of reflection
HPRegen 0.15/turn                e - ring of wizardry
MPRegen 0.13/turn                (no ring)

@: sanguine armoured
A: foul stench 1, sanguine armour 3
a: Renounce Religion


You were on level 7 of the Dungeon.
You worshipped Kikubaaqudgha.
Kikubaaqudgha was noncommittal.
You visited 2 branches of the dungeon, and saw 7 of its levels.

You collected 113 gold pieces.

Inventory:

Hand Weapons
 i - a +2 dagger of speed (weapon)
Armour
 b - a +1 leather armour of cold resistance (worn)
Jewellery
 e - a ring of wizardry (left hand)
 f - an amulet of reflection (around neck)
 q - an amulet of the acrobat
Scrolls
 a - a scroll of summoning {unknown}
 c - a scroll of immolation {unknown}
 d - a scroll of teleportation {unknown}
 h - a scroll of vulnerability {unknown}
 o - a scroll of amnesia {unknown}
 p - a scroll of magic mapping {unknown}
Potions
 g - 2 potions of flight
 j - a potion of curing
 k - a potion of cancellation {unknown}
 l - a potion of lignification {unknown}
 m - a potion of attraction {unknown}
 n - a potion of haste {unknown}
 r - a potion of ambrosia {unknown}


   Skills:
 - Level 4.0 Short Blades
 + Level 2.9 Armour
 - Level 1.7 Dodging
 - Level 1.7 Stealth
 + Level 3.9 Spellcasting
 * Level 7.4 Necromancy


You couldn't memorise any spells.
You knew the following spells:

 Your Spells              Type           Power      Damage    Failure   Level
a - Necrotise             Necr           100%       1d9       1%          1
b - Vampiric Draining     Necr           30%        2d8       1%          3
c - Animate Dead          Necr           30%        N/A       4%          4
d - Agony                 Necr           30%        N/A       11%         5

Your spell library contained the following spells:

 Spells                   Type           Power      Damage    Failure   Level


Dungeon Overview and Level Annotations

Branches:
Dungeon (7/15)             Temple (1/1) D:6

Altars:
Ashenzari
Cheibriados
Fedhas
Gozag
Kikubaaqudgha
Nemelex Xobeh
Qazlal
Ru
Sif Muna
Trog
Uskayaw
Vehumet
Xom
Yredelemnul

Shops:
D:6 =

Annotations:
D:7 Pikel


Innate Abilities, Weirdness & Mutations

You may rarely emit foul miasma when damaged in melee.
When seriously injured, your blood forms very thick armour. (AC +12)


Message History

The lemure hits you. The lemure barely misses you.
You barely miss the lemure.
The lemure is severely wounded.
You barely miss the lemure.
The lemure is severely wounded.
The lemure hits you. The lemure hits you but does no damage.
You closely miss the lemure.
The lemure is severely wounded.
You closely miss the lemure.
The lemure is severely wounded.
The lemure hits you but does no damage. x2
You closely miss the lemure.
The lemure is severely wounded.
You hit the lemure but do no damage.
The lemure is severely wounded.
The lemure hits you.
* * * LOW HITPOINT WARNING * * *
The lemure hits you.
* * * LOW HITPOINT WARNING * * *
The lemure attacks as you move away! The lemure barely misses you.
The lemure attacks as you move away! The lemure hits you but does no damage.
The lemure attacks as you move away! The lemure closely misses you.
The lemure attacks as you move away! You block the lemure's attack.
The lemure attacks as you move away! The lemure hits you but does no damage.
Pikel, Merchant of Souls comes into view.
He is wielding a +0 whip of electrocution and carrying a wand of light (10).
The lemure attacks as you move away! The lemure closely misses you.
Pikel shouts!
You block the lemure's attack.
There is an open door here.
The lemure attacks as you move away! The lemure barely misses you.
You see here a +0 giant spiked club.
The lemure attacks as you move away! The lemure barely misses you.
The lemure attacks as you move away! The lemure hits you but does no damage.
The lemure attacks as you move away! The lemure barely misses you.
The lemure attacks as you move away! You block the lemure's attack.
The lemure attacks as you move away! The lemure hits you.
* * * LOW HITPOINT WARNING * * *
The lemure attacks as you move away! The lemure hits you.
You die...
Kikubaaqudgha rasps: "You have failed me!
Welcome... death!"

#.# ##†..## #.#..# #.#
##'## #.#.## ..# #)#
#.#.# ### #.#
#.#.####.# ##.##
#>.......# ##K..##
###.###### ##.....#
#.#
##.....##########.#
####.....###..55@....#
....(...####.#########
######.......#
#########


You could see 2 lemures.

Vanquished Creatures
  A steam dragon (D:6)
  A water moccasin (D:6)
  Duvessa (D:6)
  An ogre (D:7)
  2 lemures (D:7)
  A scorpion (D:6)
  Dowan (D:6)
  A howler monkey (D:7)
  A jelly (D:6)
  3 iguanas (D:6)
  An orc wizard (D:6)
  4 gnolls (D:3)
  5 adders
  A white imp (D:7)
  An ufetubus (D:6)
  2 worms
  2 dart slugs (D:2)
  7 orcs
  2 ball pythons
  4 endoplasms
  A giant cockroach (D:2)
  6 goblins
  7 hobgoblins
  4 jackals (D:1)
  3 quokkas
  6 bats
  A frilled lizard (D:2)
  A goblin zombie (D:6)
  6 kobolds
  4 rats
81 creatures vanquished.

Vanquished Creatures (collateral kills)
  2 rats (D:1)
2 creatures vanquished.

Vanquished Creatures (others)
  An ogre zombie (D:7)
  A plant (D:6)
2 creatures vanquished.

Grand Total: 85 creatures vanquished

Notes
Turn   | Place    | Note
-------+----------+-------------------------------------------
     0 | D:1      | KittyKat the Demonspawn Necromancer began the quest for the
                  | Orb.
     0 | D:1      | Reached XP level 1. HP: 13/13 MP: 3/3
   428 | D:1      | Gained mutation: You may rarely emit foul miasma when
                  | damaged in melee. [demonic ancestry]
   428 | D:1      | Reached XP level 2. HP: 19/19 MP: 1/5
  1059 | D:2      | Reached skill level 5 in Necromancy
  1059 | D:2      | Gained mutation: When seriously injured, your blood forms
                  | armour. (AC +12) [demonic ancestry]
  1059 | D:2      | Reached XP level 3. HP: 19/24 MP: 6/6
  1268 | D:2      | Reached skill level 1 in Short Blades
  1855 | D:3      | Reached XP level 4. HP: 24/30 MP: 5/7
  2101 | D:3      | Reached skill level 1 in Armour
  2119 | D:3      | Learned a level 3 spell: Vampiric Draining
  2135 | D:3      | Found an opulent altar of Gozag.
  2419 | D:3      | You fall into a shaft and drop 3 floors!
  2449 | D:6      | Gained mutation: When seriously injured, your blood forms
                  | thick armour. (AC +12) [demonic ancestry]
  2449 | D:6      | Reached XP level 5. HP: 30/35 MP: 5/9
  2873 | D:6      | Noticed Dowan
  2873 | D:6      | Noticed Duvessa
  2899 | D:6      | Killed Dowan
  2900 | D:6      | Reached skill level 6 in Necromancy
  2959 | D:6      | Gained mutation: When seriously injured, your blood forms
                  | very thick armour. (AC +12) [demonic ancestry]
  2959 | D:6      | Reached XP level 6. HP: 21/41 MP: 6/10
  2980 | D:6      | Killed Duvessa
  3242 | D:6      | Learned a level 4 spell: Animate Dead
  3481 | D:6      | Found Ujudgh's Jewellery Shoppe.
  3520 | D:6      | Noticed a water moccasin
  3527 | D:6      | Killed a water moccasin
  3528 | D:6      | Reached XP level 7. HP: 46/46 MP: 2/12
  4162 | D:6      | Noticed a steam dragon
  4189 | D:5      | Entered Level 5 of the Dungeon
  4196 | D:5      | Learned a level 5 spell: Agony
  4412 | D:6      | HP: 2/46 [steam dragon/ball of steam (8)]
  4421 | D:6      | Killed a steam dragon
  4422 | D:6      | Reached skill level 7 in Necromancy
  5116 | D:6      | Found a staircase to the Ecumenical Temple.
  5121 | Temple   | Entered the Ecumenical Temple
  5271 | Temple   | Became a worshipper of Kikubaaqudgha
  5498 | D:7      | Noticed Pikel
  5517 | D:7      | Slain by a lemure

Illustrated notes

Levels and vault maps discovered:
D:1:      saegor_arrival_simple_a, layout_basic,
          hangedman_abyss_or_decor_lesser_grid, grunt_decor_one_mirror
D:2:      layout_rooms
D:3:      layout_basic, nicolae_gozag_seed_capital, uniq_natasha
D:5:      layout_rooms, kennysheep_little_box,
          grunt_dithmenos_smoke_and_mirrors, dk_vineyard_3,
          kennysheep_crisscross
D:6:      corexii_shack_village, layout_basic, temple_doors_ab, serial_shops,
          nicolae_shop_behind_doors, kennysheep_donut, uniq_duvessa
D:7:      layout_loops_corners, uniq_prince_ribbit1, uniq_joseph, uniq_pikel
Temple:   compressed_dpeg_triangle_lava_temple

Skill      XL: |  1  2  3  4  5  6  7 |
---------------+----------------------+-----
Necromancy     | 5 6 7 |  7.4
Short Blades   | 1 2 3 4 |  4.0
Armour         | 1 2 |  2.9
Spellcasting   | 3 |  3.9
Dodging        | |  1.7
Stealth        | |  1.7

Action                   |  1- 3 |  4- 6 |  7- 9 || total
-------------------------+-------+-------+-------++-------
Melee: Unarmed           |    28 |       |       ||    28
       Dagger            |    76 |   109 |   172 ||   357
       Rapier            |     7 |       |       ||     7
       Punch             |       |     1 |     1 ||     2
 Cast: Necrotise         |    20 |    26 |     4 ||    50
       Vampiric Draining |       |    12 |     7 ||    19
       Animate Dead      |       |     1 |     3 ||     4
       Agony             |       |       |     1 ||     1
  Use: Potion            |       |     2 |     1 ||     3
       Scroll            |       |       |     2 ||     2
 Stab: Sleeping          |     1 |     3 |       ||     4
Armor: Robe              |     6 |       |       ||     6
       Ring mail         |    33 |    20 |       ||    53
       Leather armour    |       |     1 |    55 ||    56
Dodge: Dodged            |    65 |    38 |    61 ||   164
Block: Other             |    18 |    19 |    26 ||    63
       Reflection        |     1 |       |       ||     1

Table legend: (Time is in decaauts)
 A = Elapsed time spent in this place.
 B = Non-inter-level travel time spent in this place.
 C = Inter-level travel time spent in this place.
 D = Time resting spent in this place.
 E = Time spent auto-exploring this place.
 F = Levels seen in this place.
 G = Mean time per level.
                   A        B        C        D        E       F      G
               +--------+--------+--------+--------+--------+-----+--------+
         Total |   5371 |   5371 |      0 |   1722 |   2283 |   7 |  767.3 |
       Dungeon |   5212 |   5212 |      0 |   1722 |   2283 |   6 |  868.7 |
        Temple |    158 |    158 |      0 |      0 |      0 |   1 |  158.0 |
               +--------+--------+--------+--------+--------+-----+--------+

Top non-repeatable levels by time:
     D:6: 2453 daAuts
     D:2: 975 daAuts
     D:1: 942 daAuts
     D:3: 463 daAuts
     D:5: 206 daAuts
     D:7: 170 daAuts
  Temple: 158 daAuts
